 Dungeon Crawl Stone Soup version 0.30-a0-799-g109b55a442 (webtiles) character file.

Game seed: 10932122179230605197

23516 Newt the Thrower (level 12, -10/93 (95) HPs)
             Began as a Demonspawn Gladiator on Feb 20, 2023.
             Was an Elder of Lugonu.
             Mangled by a skyshark (13 damage)
             ... on level 2 of the Lair of Beasts.
             The game lasted 00:18:41 (14087 turns).

Newt the Thrower (Demonspawn Gladiator)            Turns: 14087, Time: 00:18:41

HP:   -10/93 (95)   AC: 12    Str: 16    XL:     12   Next: 72%
MP:   17/17         EV: 13    Int: 14    God:    Lugonu [****..]
Gold: 291           SH: 11    Dex: 15    Spells: 11/11 levels left

rFire   . . .      SeeInvis .    Q - +6 broad axe (venom)
rCold   + + .      Faith    .    (no shield)
rNeg    . . .      Spirit   .    p - +2 leather armour {rC+}
rPois   .          Reflect  +    c - +0 helmet
rElec   +          Harm     .    I - scarf {repulsion}
rCorr   +          Rampage  .    (gloves unavailable)
Will    .....                    s - +0 pair of boots
Stlth   +                        M - amulet "Teusoh" {Reflect rElec Str-2 Int+3 SH+5}
HPRegen 0.35/turn                R - +4 ring of protection
MPRegen 0.30/turn                S - ring of Gycw {rElec rCorr}

@: studying Stealth, lightly drained, repel missiles
A: large bone plates 2, magic regeneration, demonic magic 1, demonic touch 3,
talons 1, cold resistance 1
a: Renounce Religion, Depart the Abyss, Banish, Corrupt


You were on level 2 of the Lair of Beasts.
You worshipped Lugonu.
Lugonu was greatly pleased with you.
You visited 2 branches of the dungeon, and saw 12 of its levels.
You also visited: Bailey.

You collected 890 gold pieces.
You spent 599 gold pieces at shops.

Inventory:

Hand Weapons
 a - a +1 rapier
 D - a +3 mace of protection
 J - a +0 hammer
 Q - a +6 broad axe of venom (weapon)
Missiles
 e - 4 javelins
 l - 9 poisoned darts
 N - 13 boomerangs (quivered)
Armour
 b - a +0 leather armour
 c - a +0 helmet (worn)
 j - a +0 cloak
 p - a +2 leather armour of cold resistance (worn)
 s - a +0 pair of boots (worn)
 I - a scarf of repulsion (worn)
 T - a scarf of repulsion
Jewellery
 n - an amulet of faith
 o - a ring of positive energy
 x - an amulet of the acrobat
 M - the amulet "Teusoh" (around neck) {Reflect rElec Str-2 Int+3 SH+5}
   (You bought it in a shop on level 6 of the Dungeon)

   [amulet of reflection]

   It reflects blocked missile attacks.
   Str:       It affects your strength (-2).
   Int:       It affects your intelligence (+3).
   rElec:     It insulates you from electricity.
   SH:        It affects your SH (+5).
 R - a +4 ring of protection (left hand)
 S - the ring of Gycw (right hand) {rElec rCorr}
   (You found it in a bailey)

   [ring of resist corrosion]

   rElec:     It insulates you from electricity.
   rCorr:     It protects you from acid and corrosion.
Wands
 k - a wand of charming (26)
 y - a wand of iceblast (3)
 B - a wand of acid (3)
 C - a wand of flame (34)
 H - a wand of polymorph (4)
 L - a wand of mindburst (4)
Scrolls
 h - 6 scrolls of noise
 z - 7 scrolls of teleportation
 E - 2 scrolls of enchant armour
 F - 6 scrolls of fog
 P - a scroll of magic mapping
 V - a scroll of silence
Potions
 f - a potion of brilliance
 g - 2 potions of degeneration
 i - 2 potions of invisibility
 m - 2 potions of flight
 q - a potion of ambrosia
 r - 2 potions of lignification
 t - 5 potions of haste
 u - 3 potions of might
 v - a potion of heal wounds
 w - a potion of magic
 A - a potion of attraction {unknown}
 G - a potion of resistance {unknown}
 K - 2 potions of mutation
 O - a potion of cancellation {unknown}
 U - a potion of curing


   Skills:
 - Level 9.0 Fighting
 - Level 4.0 Short Blades
 - Level 6.0(8.0) Axes
 - Level 8.0(8.9) Maces & Flails
 - Level 12.0 Throwing
 - Level 6.0 Armour
 - Level 4.0 Dodging
 + Level 3.6 Unarmed Combat
 - Level 7.0 Invocations


You had 11 spell levels left.
You didn't know any spells.
Your spell library contained the following spells:

 Spells                   Type           Power      Damage    Failure   Level
 Apportation              Tloc           0%         N/A       34%         1
 Necrotise                Necr           0%         1d4       34%         1
 Shock                    Conj/Air       0%         1d3       34%         1
 Summon Small Mammal      Summ           0%         N/A       34%         1
 Cigotuvi's Dreadful Rot  Necr/Pois/Air  0%         N/A       45%         2
 Ensorcelled Hibernation  Hex/Ice        0%         N/A       45%         2
 Passwall                 Tmut/Erth      0%         N/A       45%         2
 Poisonous Vapours        Pois/Air       0%         N/A       45%         2
 Frozen Ramparts          Ice            0%         1d1       71%         3
 Mephitic Cloud           Conj/Pois/Air  0%         N/A       71%         3
 Swiftness                Air            0%         N/A       71%         3
 Tukima's Dance           Hex            0%         N/A       71%         3
 Airstrike                Air            0%         2d(0-16)  98%         4
 Cause Fear               Hex            0%         N/A       98%         4
 Ice Form                 Ice/Tmut       0%         N/A       98%         4
 Passage of Golubria      Tloc           0%         N/A       98%         4
 Summon Ice Beast         Ice/Summ       0%         N/A       98%         4
 Yara's Violent Unravell  Hex/Tmut       0%         3d3       100%        5
 Dragon Form              Tmut           0%         N/A       100%        7
 Dragon's Call            Summ           0%         N/A       100%        9


Dungeon Overview and Level Annotations

Branches:
Dungeon (9/15)             Temple (0/1) D:5            Lair (3/5) D:9
 Bailey (visited)
  Swamp: Lair:2-3    Shoals: Lair:2-3     Snake: Lair:2-3    Spider: Lair:2-3
    Orc: D:9-12

Altars:
Hepliaklqana
Qazlal
Trog
Lugonu

Shops:
D:4 (   D:6 =   D:7 (


Innate Abilities, Weirdness & Mutations

You are mostly covered in large bone plates. (SH +6)
You regenerate magic rapidly.
Spells you cast may paralyse adjacent enemies.
Your touch may irresistibly damage your foes and sap their willpower.
You have sharp toenails.
Your flesh is cold resistant. (rC+)


Message History

Throw: throwing net
Press: ? - help, Shift-Dir - straight line, f - skyshark
Aim: a skyshark (heavily wounded, berserk, extremely poisoned, weak-willed, 75% to hit)
You throw a throwing net. The throwing net hits the skyshark.
The skyshark is caught in the net!
The skyshark is heavily wounded.
The skyshark struggles against the net.
You catch the helpless skyshark completely off-guard!
You slice the skyshark!!
The skyshark looks as sick as possible!
The skyshark is severely wounded.
The skyshark struggles against the net. x3
The net rips apart, and the skyshark comes free!
You hit the skyshark.
The skyshark looks as sick as possible!
The skyshark is almost dead.
You block the skyshark's attack. The skyshark tail-slaps you!
* * * LOW HITPOINT WARNING * * *
The skyshark tail-slaps you.
* * * LOW HITPOINT WARNING * * *
You block the skyshark's attack.
The skyshark tail-slaps you but does no damage.
You block the skyshark's attack.
Throw: 5 javelins
Press: ? - help, Shift-Dir - straight line, f/p - skyshark
Aim: a skyshark (almost dead, berserk, extremely poisoned, weak-willed, 75% to hit)
You throw a javelin.
The javelin closely misses the skyshark.
The javelin pierces through the fungus.
The fungus begins to die.
The fungus is lightly damaged.
You block the skyshark's attack.
The skyshark tail-slaps you but does no damage. x2
Aiming: Corrosive Bolt
Press: ? - help, Shift-Dir - straight line, f/p - skyshark
Aim: a skyshark (almost dead, berserk, extremely poisoned, weak-willed, 79% to hit)
The bolt of acid hits the skyshark!
The skyshark is almost dead.
The bolt of acid hits the fungus!
The acid corrodes the fungus!
The fungus is lightly damaged.
The skyshark bites you but does no damage.
The skyshark tail-slaps you!
You die...

................#..
................##. ....
................(.##......
..........................
................P.........
..........................
..........................
...###..........l.........
..####..........@.........
..##..............[)......
...................#......
.............).....# .....
...............#...# ....
..............##...# ...
..............##......Y...
.........$.......#...... .
.[...........$..........


You could see a skyshark (berserk, extremely poisoned, weak-willed).

Vanquished Creatures
  Gastronok (Lair:2)
  An orc warlord (Bailey)
  A boulder beetle (Lair:2)
  2 two-headed ogres
  Nergalle (Lair:2)
  A lindwurm (Lair:3)
  4 cane toads
  5 komodo dragons
  A rime drake (Lair:2)
  A troll (D:9)
  A merfolk (Lair:2)
  A hornet (Lair:1)
  14 blink frogs
  Sigmund (D:5)
  A wyvern (D:7)
  3 basilisks
  13 yaks
  2 steam dragons (D:8)
  5 water moccasins
  A sky beast (D:6)
  2 black bears
  3 ice beasts
  4 orc warriors
  13 wolves
  A centaur (D:9)
  A phantom (D:3)
  8 bullfrogs
  4 necrophages
  4 scorpions
  A wight (D:8)
  10 killer bees
  2 howler monkeys
  4 hounds
  2 jellies (D:5)
  2 orc priests
  Crazy Yiuf (D:6)
  A gnoll bouda (D:8)
  2 iguanas
  5 orc wizards
  A gnoll (Bailey)
  4 adders
  A white imp (D:6)
  2 ufetubi
  9 worms
  2 dart slugs
  16 orcs
  3 ball pythons
  13 endoplasms
  9 giant cockroaches
  16 goblins
  13 hobgoblins
  20 kobolds
  4 quokkas (D:2)
  6 bats
  2 frilled lizards
  4 rats
255 creatures vanquished.

Vanquished Creatures (collateral kills)
  A goblin (Bailey)
1 creature vanquished.

Vanquished Creatures (others)
  11 fungi
  6 plants
17 creatures vanquished.

Grand Total: 273 creatures vanquished

Notes
Turn   | Place    | Note
-------+----------+-------------------------------------------
     0 | D:1      | Newt the Demonspawn Gladiator began the quest for the Orb.
     0 | D:1      | Reached XP level 1. HP: 16/16 MP: 1/1
   235 | D:1      | Gained mutation: Your touch may inflict minor irresistible
                  | damage on your foes. [demonic ancestry]
   235 | D:1      | Reached XP level 2. HP: 17/23 MP: 2/2
   317 | D:1      | Found a faded altar of an unknown god.
   788 | D:1      | Prayed at the altar of an unknown god.
   788 | D:1      | Became a worshipper of Lugonu the Unformed
   788 | D:1      | Reached * piety under Lugonu
   864 | D:2      | Reached XP level 3. HP: 28/29 MP: 3/3
   906 | D:2      | Identified the +4 glaive "Spider's Nightmare" {venom,
                  | *Noise rPois rF++ Int+2}
  1491 | D:2      | Reached XP level 4. HP: 36/38 MP: 4/4
  1530 | D:2      | Reached ** piety under Lugonu
  2230 | D:3      | Noticed a phantom
  2239 | D:3      | Killed a phantom
  2240 | D:3      | Reached skill level 5 in Fighting
  2240 | D:3      | Reached XP level 5. HP: 43/44 MP: 5/5
  3146 | D:4      | Reached skill level 1 in Invocations
  3157 | D:4      | Reached XP level 6. HP: 38/51 MP: 5/8
  3228 | D:4      | Found Diehimi's Antique Weapon Shop.
  3391 | D:4      | Reached *** piety under Lugonu
  3857 | D:5      | Entered Level 5 of the Dungeon
  3868 | D:4      | Reached skill level 5 in Invocations
  4130 | D:5      | Noticed Sigmund
  4132 | D:5      | Killed Sigmund
  4133 | D:5      | Gained mutation: You regenerate magic rapidly. [demonic
                  | ancestry]
  4133 | D:5      | Reached XP level 7. HP: 56/56 MP: 10/12
  4421 | D:5      | Found a bloodstained altar of Trog.
  4445 | D:5      | Reached skill level 1 in Armour
  4552 | D:5      | You fall into a shaft and drop 2 floors!
  4586 | D:7      | Noticed a wyvern
  4606 | D:7      | Killed a wyvern
  4607 | D:7      | Gained mutation: Your touch may inflict irresistible damage
                  | on your foes. [demonic ancestry]
  4607 | D:7      | Reached XP level 8. HP: 53/62 MP: 13/13
  4613 | D:7      | Reached skill level 2 in Throwing
  4616 | D:7      | Reached skill level 3 in Throwing
  4624 | D:7      | Reached skill level 4 in Throwing
  4708 | D:7      | Found Buakym's Antique Weapon Boutique.
  4839 | D:6      | Found Seoptuz's Jewellery Boutique.
  5123 | D:5      | Found a staircase to the Ecumenical Temple.
  5692 | D:6      | Reached **** piety under Lugonu
  5693 | D:6      | Reached skill level 5 in Throwing
  6033 | D:6      | Found a runed translucent door.
  6034 | D:6      | Noticed Crazy Yiuf
  6074 | D:6      | Reached skill level 6 in Throwing
  6150 | D:6      | Reached skill level 1 in Maces & Flails
  6150 | D:6      | Gained mutation: Your touch may irresistibly damage your
                  | foes and sap their willpower. [demonic ancestry]
  6150 | D:6      | Reached XP level 9. HP: 48/68 MP: 14/14
  6536 | D:6      | Killed Crazy Yiuf
  6909 | D:8      | Noticed a two-headed ogre
  6926 | D:8      | Killed a two-headed ogre
  6927 | D:8      | Reached skill level 5 in Maces & Flails
  6947 | D:8      | HP: 1/68 [killer bee (3)]
  7540 | D:8      | Found a stormy altar of Qazlal.
  7778 | D:9      | Gained mutation: Spells you cast may paralyse adjacent
                  | enemies. [demonic ancestry]
  7778 | D:9      | Reached XP level 10. HP: 68/74 MP: 15/15
  7778 | D:9      | Reached ***** piety under Lugonu
  7911 | D:6      | Bought the amulet "Teusoh" {Reflect rElec Str-2 Int+3 SH+5}
                  | for 599 gold pieces
  8017 | D:9      | Found a flagged portal.
  8027 | Bailey   | Entered a bailey
  8057 | Bailey   | Noticed an orc warlord
  8223 | Bailey   | Reached skill level 5 in Armour
  8317 | Bailey   | Found a runed translucent gate.
  8320 | Bailey   | Found a runed translucent gate.
  8323 | Bailey   | Found a runed translucent gate.
  8352 | Bailey   | Killed an orc warlord
  8372 | Bailey   | Identified the ring of Gycw {rElec rCorr}
  8653 | D:9      | Gained mutation: Your flesh is cold resistant. (rC+)
                  | [potion of mutation]
  8653 | D:9      | Gained mutation: You have sharp toenails. [potion of
                  | mutation]
  8654 | D:9      | Reached skill level 5 in Axes
  8654 | D:9      | Gained mutation: You are partially covered in large bone
                  | plates. (SH +4) [demonic ancestry]
  8654 | D:9      | Reached XP level 11. HP: 87/87 MP: 16/16
  8774 | D:9      | Found a staircase to the Lair.
  8951 | D:9      | Noticed a two-headed ogre
  8968 | D:9      | Killed a two-headed ogre
  8969 | D:9      | Reached skill level 7 in Throwing
  9771 | Lair:1   | Entered Level 1 of the Lair of Beasts
  9844 | Lair:1   | Reached skill level 8 in Throwing
  9851 | Lair:1   | HP: 1/87 [cane toad (13)]
 10491 | Lair:1   | Paralysed by a hornet for 3 turns
 10495 | Lair:1   | Paralysed by a hornet for 3 turns
 10996 | Lair:1   | Reached skill level 9 in Throwing
 11332 | Lair:2   | Found a hazy altar of Hepliaklqana.
 11345 | Lair:2   | Gained mutation: You are mostly covered in large bone
                  | plates. (SH +6) [demonic ancestry]
 11345 | Lair:2   | Reached XP level 12. HP: 50/95 MP: 17/17
 11500 | Lair:2   | Noticed a boulder beetle
 11527 | Lair:2   | Killed a boulder beetle
 11529 | Lair:2   | Reached skill level 10 in Throwing
 11767 | Lair:2   | Noticed Gastronok
 11783 | Lair:2   | Killed Gastronok
 11790 | Lair:2   | Noticed Nergalle
 12156 | Lair:3   | Reached skill level 11 in Throwing
 13508 | Lair:3   | Reached skill level 12 in Throwing
 13509 | Lair:3   | Reached skill level 1 in Unarmed Combat
 13907 | Lair:2   | Killed Nergalle
 14085 | Lair:2   | HP: 2/93 [skyshark (6)]
 14087 | Lair:2   | Mangled by a skyshark

Illustrated notes

Levels and vault maps discovered:
D:1:      nagdon_arrival_double_spiral, layout_basic, serial_forest,
          infiniplex_forest_lined_2, infiniplex_forest_straight_3,
          infiniplex_forest_straight_3, infiniplex_forest_end_1,
          infiniplex_forest_clump_small, basic_ecumenical_altar
D:2:      layout_basic
D:3:      layout_loops_corners, due_unseen_surprise
D:4:      layout_basic, serial_shops, nicolae_take_the_stairs,
          kennysheep_cluttered_room, chequers_serial_rivers_micro_d,
          nicolae_wormholes
D:5:      layout_cave_pods, old_standard_altar, minmay_temple_entry_mini_moons,
          uniq_sigmund
D:6:      layout_basic, serial_shops, nicolae_shop_hallway_stairs,
          kennysheep_generic_room_12, uniq_crazy_yiuf_cottage
D:7:      layout_rooms, serial_shops, nicolae_lakefront_shop
D:8:      layout_loops_ring, zin_scriptorium, grunt_qazlal_clouds,
          grunt_decor_cap, minmay_starry_boxes
D:9:      layout_basic, lair_entry_dummy, enter_bailey_6,
          kennysheep_generic_room_6
Lair:1:   layout_hall_layers, grunt_megastairs_4
Lair:2:   layout_hall_layers, elwin_shoals_entry_rooms, spider_nest_entry_webs,
          basic_altar, uniq_gastronok, uniq_nergalle
Lair:3:   layout_roguey

Skill      XL: |  1  2  3  4  5  6  7  8  9 10 11 12 |
---------------+-------------------------------------+-----
Fighting       | 3 4 5 8 9 |  9.0
Short Blades   | 3 4 |  4.0
Invocations    | 2 7 |  7.0
Dodging        | 4 |  4.0
Armour         | 3 4 6 |  6.0
Throwing       | 6 9 12 | 12.0
Maces & Flails | 1 8 |  8.0
Axes           | 5 6 |  6.0
Unarmed Combat | 3 |  3.6

Action                     |  1- 3 |  4- 6 |  7- 9 | 10-12 || total
---------------------------+-------+-------+-------+-------++-------
  Melee: Rapier            |    99 |   165 |    81 |       ||   345
         Touch             |    19 |    33 |    40 |    52 ||   144
         Punch             |     2 |     2 |     2 |     7 ||    13
         Mace              |       |       |   130 |    78 ||   208
         Broad axe         |       |       |       |   185 ||   185
  Throw: Javelin           |       |       |    11 |     2 ||    13
         Throwing net      |       |       |     1 |     5 ||     6
         Boomerang         |       |       |       |    47 ||    47
         Dart              |       |       |       |     7 ||     7
  Evoke: Wand              |       |     2 |    11 |     8 ||    21
    Use: Scroll            |     4 |     6 |     7 |    11 ||    28
         Potion            |     2 |     1 |     3 |     6 ||    12
   Stab: Sleeping          |     1 |     1 |       |     1 ||     3
         Held in net/web   |       |       |     1 |     4 ||     5
 Armour: Leather armour    |    22 |    47 |   133 |   115 ||   317
  Dodge: Dodged            |    78 |    62 |   165 |   218 ||   523
         Repelled          |       |       |       |     1 ||     1
  Block: Other             |       |       |       |   155 ||   155
         Reflection        |       |       |       |     2 ||     2

Table legend: (Time is in decaauts)
 A = Elapsed time spent in this place.
 B = Non-inter-level travel time spent in this place.
 C = Inter-level travel time spent in this place.
 D = Time resting spent in this place.
 E = Time spent auto-exploring this place.
 F = Levels seen in this place.
 G = Mean time per level.
                   A        B        C        D        E       F      G
               +--------+--------+--------+--------+--------+-----+--------+
         Total |  14171 |  13491 |    680 |   2506 |   9095 |  13 | 1090.1 |
       Dungeon |   9190 |   8567 |    623 |    716 |   6585 |   9 | 1021.1 |
          Lair |   4350 |   4293 |     57 |   1775 |   2065 |   3 | 1450.0 |
        Bailey |    630 |    630 |      0 |     15 |    445 |   1 |  630.0 |
               +--------+--------+--------+--------+--------+-----+--------+

Top non-repeatable levels by time:
  Lair:3: 2023 daAuts
  Lair:1: 1616 daAuts
     D:9: 1290 daAuts
     D:6: 1261 daAuts
     D:2: 1238 daAuts
     D:4: 1138 daAuts
     D:5: 1007 daAuts
     D:3: 858 daAuts
     D:1: 839 daAuts
     D:8: 808 daAuts
     D:7: 747 daAuts
  Lair:2: 710 daAuts
  Bailey: 630 daAuts
